 Dungeon Crawl Stone Soup version 0.24-a0-291-g79c1ce788c (webtiles) character file.

Game seed: 16354404817185164143

7807 Redear the Fighter (level 11, -2/78 HPs)
             Began as a Demonspawn Chaos Knight on May 9, 2019.
             Was a Plaything of Xom.
             Slain by a yak (14 damage)
             ... on level 12 of the Dungeon.
             The game lasted 00:25:19 (12209 turns).

Redear the Fighter (Demonspawn Chaos Knight)       Turns: 12209, Time: 00:25:20

Health: -2/78      AC:  9    Str: 18    XL:     11   Next: 1%
Magic:  11/11      EV: 16    Int: 13    God:    Xom [....*.]
Gold:   533        SH: 10    Dex: 13    Spells: 10/10 levels left

rFire    + + +     SeeInvis +   v - +2 hand axe (venom)
rCold    x . .     Gourm    .   x - +0 shield
rNeg     . . .     Faith    .   u - +1 leather armour of the Fife {rF+} (curse)
rPois    .         Spirit   .   (helmet unavailable)
rElec    .         Reflect  .   F - +0 cloak
rCorr    .         Harm     .   s - +2 pair of gloves
MR       +....     Rnd*Tele +   (no boots)
Stlth    +.........             K - amulet of magic regeneration
HPRegen  0.23/turn              B - ring "Zellaij" {*Tele rC+ MR+ Str+2}
MPRegen  0.37/turn              n - ring of wizardry {Wiz+}

@: immune to fire clouds, about to teleport
A: antennae 3, repulsion field 1, demonic guardian 1, frail 1, mutation
resistance 1, powered by death 2
a: Renounce Religion


You were on level 12 of the Dungeon.
You worshipped Xom.
You were a beloved toy of Xom.
You were not hungry.

You visited 1 branch of the dungeon, and saw 12 of its levels.
You also visited: Sewer.

You collected 559 gold pieces.
You spent 26 gold pieces at shops.

Inventory:

Hand Weapons
 a - a +0 hand axe of chaos
 g - a +3 short sword
 k - a +2 whip of flaming
 t - a +0 dagger of venom
 v - a +2 hand axe of venom (weapon)
 y - a cursed -2 short sword
Missiles
 i - 5 javelins of returning (quivered)
 Z - 2 throwing nets {+f}
Armour
 b - a +2 leather armour
 s - a +2 pair of gloves (worn)
 u - the cursed +1 leather armour of the Fife (worn) {rF+}
   (You found it on level 4 of the Dungeon)

   It protects you from fire.
   It has a curse placed upon it.
 w - a +3 large shield
 x - a +0 shield (worn)
 F - a +0 cloak (worn)
 G - a +3 chain mail of cold resistance
Magical Staves
 U - an uncursed staff of air {unknown}
Jewellery
 n - a ring of wizardry (right hand) {Wiz+}
 o - an uncursed amulet of harm
 r - an uncursed ring of positive energy {unknown}
 B - the ring "Zellaij" (left hand) {*Tele rC+ MR+ Str+2}
   (You found it on level 6 of the Dungeon)

   [ring of teleportation]

   It may teleport you next to monsters.
   It affects your strength (+2).
   It protects you from cold.
   It affects your resistance to hostile enchantments.
 K - an amulet of magic regeneration (around neck)
 S - an uncursed ring of ice {unknown}
 W - an uncursed amulet of rage {unknown}
Wands
 D - a wand of digging (4)
 I - a wand of iceblast (2)
 V - a wand of flame (15)
Scrolls
 d - a scroll of random uselessness {unknown}
 h - a scroll of enchant weapon {unknown}
 m - 2 scrolls of magic mapping {unknown}
 p - 4 scrolls of amnesia {unknown}
 q - 2 scrolls of immolation {unknown}
 C - 2 scrolls of noise {unknown}
 L - 2 scrolls of fear {unknown}
 N - 11 scrolls of remove curse {@r2}
 P - a scroll of summoning {unknown}
 T - 2 scrolls of teleportation {@r3}
Potions
 c - a potion of magic
 f - 3 potions of brilliance {Archmagi Int+5 Wiz++}
 j - a potion of mutation {unknown}
 l - 3 potions of flight
 A - 2 potions of haste {unknown}
 E - a potion of ambrosia {unknown}
 H - 3 potions of agility {Stlth+ Dex+5 EV+5 | @q4}
 J - a potion of resistance {unknown}
 M - 2 potions of cancellation {unknown}
 O - a potion of invisibility {unknown}
Comestibles
 z - 15 rations


   Skills:
 + Level 8.4 Fighting
 + Level 7.7 Axes
 + Level 7.3 Armour
 + Level 7.1 Dodging
 + Level 6.2 Shields


You had 10 spell levels left.
You didn't know any spells.
Your spell library contained the following spells:

 Spells                   Type           Power        Failure   Level  Hunger
 Animate Skeleton         Necr           N/A          41%         1    ##.....
 Apportation              Tloc           #.....       41%         1    ##.....
 Confusing Touch          Hex            #.....       41%         1    ##.....
 Summon Small Mammal      Summ           #...         41%         1    ##.....
 Ignite Poison            Fire/Tmut/Pois #.......     77%         3    ####...
 Fireball                 Conj/Fire      #.........   100%        5    ######.
 Bolt of Fire             Conj/Fire      #.........   100%        6    #######
 Ring of Flames           Chrm/Fire      #.........   100%        7    #######
 Ignition                 Fire           #.........   100%        8    #######


Dungeon Overview and Level Annotations

Branches:
Dungeon (11/15)            Temple (0/1) D:4             Orc (0/2) D:9
   Lair: D:8-11

Altars:
Ashenzari
Dithmenos
Fedhas
Hepliaklqana
Makhleb
Qazlal
Sif Muna
Trog
Wu Jian
Xom
The Shining One

Shops:
D:7 *

Annotations:
D:7 1 runed translucent door


Innate Abilities, Weirdness & Mutations

You have a pair of large antennae on your head. (SInv)
You are surrounded by a mild repulsion field. (EV +2)
A weak demonic guardian rushes to your aid.
You regenerate health from kills.
You are frail. (-10% HP)
You are somewhat resistant to further mutation.


Message History

MP restored: 11 You closely miss the white ugly thing.
The white ugly thing is engulfed in blazing flames.
The white ugly thing kicks you. The white ugly thing freezes you!!
You feel a terrible chill!
* * * LOW HITPOINT WARNING * * *
A shower of butterflies erupts from you!
A shadow comes into view.
The yak closely misses your butterfly.
The phantom blinks!
You take 34 damage, and have 2/78 hp.
MASSIVE DAMAGE!!
You feel better.
Your butterfly is engulfed in blazing flames.
You kill your butterfly!
Your butterfly is engulfed in blazing flames.
You kill your butterfly!
The hound completely misses your butterfly.
A skeletal warrior comes into view. It is wielding a +0 hand axe.
The yak is engulfed in blazing flames.
The yak gores you!
You die...
Xom titters! (## ..#z# ..### ..... ....###...# ....$...# W.....# { btuY# #u°# {{ #@# #Y○§# { ##. ?hbWYb#

.#..
...#FY)..##{
.......###...?.#
...#...c.#....#
...##.##.......
. #.#.$.#§#..#.#
... #.{{Y!..#


You could see 2 ugly things, a skeletal warrior, 4 yaks, a crocodile, 2 shadows,
a bullfrog, a centaur and a hound.

Vanquished Creatures
  A two-headed ogre (D:9)
  Pikel (D:8)
  A wolf spider zombie (D:11)
  2 hippogriffs
  4 yaks (D:9)
  Grum (D:8)
  2 hungry ghosts
  A slave (D:8)
  2 sky beasts (D:9)
  3 ice beasts
  7 orc warriors
  2 ogres
  2 phantoms
  2 centaurs
  2 wolves (D:8)
  2 big kobolds
  2 bullfrogs
  A wyvern zombie (D:6)
  A scorpion (D:8)
  10 killer bees (D:9)
  2 wights (D:7)
  A howler monkey (D:5)
  5 crimson imps
  A bullfrog zombie (D:9)
  A centaur zombie (D:5)
  4 hounds
  3 jellies
  6 orc priests
  7 orc wizards
  2 bullfrog skeletons
  6 iguanas
  Natasha (twice) (D:2)
  9 worker ants
  A hound zombie (D:10)
  A hound skeleton (D:11)
  A worker ant zombie (D:7)
  7 gnolls
  7 adders
  A river rat (D:3)
  2 shadow imps
  3 oozes
  2 adder zombies
  4 worms
  7 leopard geckos
  36 orcs
  3 ball pythons
  5 bats
  5 giant cockroaches
  8 goblins
  3 hobgoblins (D:1)
  9 jackals
  10 kobolds
  5 quokkas
  3 frilled lizards
  A leopard gecko skeleton (D:6)
  15 rats
237 creatures vanquished.

Vanquished Creatures (collateral kills)
  A two-headed ogre (D:10)
  An ugly thing (D:11)
  Joseph (D:8)
  A steam dragon (D:11)
  An orc warrior (D:9)
  2 ogres
  2 wights (D:7)
  A howler monkey (D:4)
  2 orc priests
  2 orc wizards
  Natasha (D:2)
  Robin (D:4)
  A gnoll (D:8)
  A river rat (D:11)
  A white imp (D:7)
  2 leopard geckos (D:4)
  11 orcs
  A giant cockroach (D:11)
  4 goblins (D:4)
  3 hobgoblins (D:4)
  3 kobolds
43 creatures vanquished.

Vanquished Creatures (others)
  An orc warrior (D:9)
  A slave (D:8)
  A centaur (D:12)
  A worker ant (D:12)
  3 orcs
7 creatures vanquished.

Grand Total: 287 creatures vanquished

Notes
Turn   | Place    | Note
-------+----------+-------------------------------------------
     0 | D:1      | Redear the Demonspawn Chaos Knight began the quest for the
                  | Orb.
     0 | D:1      | Reached XP level 1. HP: 18/18 MP: 1/1
    78 | D:1      | Reached skill level 1 in Dodging
   158 | D:1      | XOM: harmless Pois miscast
   159 | D:1      | Reached skill level 2 in Armour
   180 | D:1      | Gained mutation: You have a pair of small antennae on your
                  | head. [demonic ancestry]
   180 | D:1      | Reached XP level 2. HP: 23/24 MP: 2/2
   487 | D:1      | Reached skill level 3 in Axes
   498 | D:1      | XOM: silly message
   639 | D:1      | Gained mutation: A weak demonic guardian rushes to your
                  | aid. [demonic ancestry]
   639 | D:1      | Reached XP level 3. HP: 27/29 MP: 3/3
   936 | D:2      | XOM: harmless Ice miscast
  1258 | D:2      | Noticed Natasha
  1272 | D:2      | Killed Natasha
  1391 | D:2      | Noticed Natasha
  1398 | D:2      | Killed Natasha
  1398 | D:2      | Reached XP level 4. HP: 30/35 MP: 4/4
  1475 | D:2      | Noticed Natasha
  1493 | D:2      | Killed Natasha
  1493 | D:2      | Reached skill level 2 in Dodging
  1563 | D:2      | Found a hazy altar of Hepliaklqana.
  1563 | D:2      | Found a shadowy altar of Dithmenos.
  1564 | D:2      | Found an ornate altar of the Wu Jian Council.
  1852 | D:3      | Found a glowing drain.
  1856 | Sewer    | Entered a sewer
  1908 | Sewer    | Noticed a big kobold
  1910 | Sewer    | XOM: divination: detect creatures
  1926 | Sewer    | Killed a big kobold
  1926 | Sewer    | Reached skill level 4 in Fighting
  1926 | Sewer    | Gained mutation: You have a pair of antennae on your head.
                  | [demonic ancestry]
  1926 | Sewer    | Reached XP level 5. HP: 19/42 MP: 5/5
  2123 | Sewer    | Found a glowing silver altar of Zin.
  2144 | Sewer    | XOM: divination: detect items
  2153 | Sewer    | XOM: silly message
  2293 | D:3      | Reached skill level 3 in Armour
  2493 | D:3      | XOM: 5-stop teleportation journey
  2647 | D:3      | XOM: medium Erth miscast
  3132 | D:3      | Found a stormy altar of Qazlal.
  3547 | D:4      | XOM: stealth player
  3590 | D:4      | Reached XP level 6. HP: 30/48 MP: 6/6
  3707 | D:4      | XOM: cloud trail
  3739 | D:4      | XOM: enchant monster (bad)
  3755 | D:4      | XOM: confuse monster(s)
  3770 | D:4      | Reached skill level 4 in Axes
  3771 | D:4      | Noticed Robin
  3779 | D:4      | XOM: summons 4 friendly demons
  3780 | D:4      | Reached skill level 3 in Dodging
  3794 | D:4      | Killed Robin
  3818 | D:4      | XOM: harmless Fire miscast
  4082 | D:4      | Found a staircase to the Ecumenical Temple.
  4459 | D:4      | Got a spiked leather armour
  4470 | D:4      | Identified the cursed +1 leather armour of the Fife {rF+}
                  | (You found it on level 4 of the Dungeon)
  4531 | D:5      | Entered Level 5 of the Dungeon
  4531 | D:5      | Found a burning altar of Makhleb.
  4637 | D:5      | XOM: cast spell 'Metabolic Englaciation'
  4809 | D:5      | XOM: chaos upgrade
  4836 | D:5      | Found a deep blue altar of Sif Muna.
  4840 | D:5      | Found a shattered altar of Ashenzari.
  5004 | D:5      | XOM: give mutations
  5004 | D:5      | Gained mutation: You are robust. (+10% HP) [Xom's grace]
  5004 | D:5      | Gained mutation: You are somewhat resistant to further
                  | mutation. [Xom's grace]
  5031 | D:5      | Gained mutation: You have a pair of large antennae on your
                  | head. (SInv) [demonic ancestry]
  5031 | D:5      | Reached XP level 7. HP: 47/60 MP: 7/7
  5089 | D:5      | XOM: cleaving
  5098 | D:5      | Reached skill level 1 in Shields
  5119 | D:5      | Found a blossoming altar of Fedhas.
  5341 | D:5      | Found a bloodstained altar of Trog.
  5599 | D:5      | XOM: harmless Ice miscast
  5674 | D:6      | Got a brightly glowing iron ring
  5704 | D:6      | Reached skill level 5 in Fighting
  5736 | D:6      | Reached skill level 4 in Armour
  5834 | D:6      | XOM: enchant monster (good)
  5910 | D:6      | Found an ornate altar of the Wu Jian Council.
  5960 | D:6      | Reached skill level 2 in Shields
  6598 | D:7      | XOM: enchant monster (good)
  6626 | D:7      | Reached skill level 4 in Dodging
  6626 | D:7      | Reached XP level 8. HP: 62/69 MP: 8/8
  6720 | D:7      | Reached skill level 5 in Axes
  6727 | D:7      | Found a glowing golden altar of the Shining One.
  6728 | D:7      | Found a runed translucent door.
  6728 | D:7      | Noticed an angel
  6749 | D:7      | Found Vuitevvao's Assorted Antiques.
  6754 | D:7      | XOM: smoke on damage
  6761 | D:7      | XOM: summons friendly crimson imp
  6775 | D:7      | HP: 5/69 [wight/+6 scimitar (2)]
  6876 | D:6      | XOM: god gift: 13 stones
  6884 | D:6      | XOM: mild Hex miscast
  6947 | D:6      | XOM: scenery: create altars
  7102 | D:7      | XOM is BORED!
  7102 | D:7      | XOM: mild Fire miscast
  7296 | D:7      | Bought a murky cyan potion for 26 gold pieces
  7367 | D:7      | XOM: summons friendly crimson imp
  7371 | D:7      | Reached skill level 3 in Shields
  7381 | D:7      | Identified the ring "Zellaij" {*Tele rC+ MR+ Str+2} (You
                  | found it on level 6 of the Dungeon)
  7695 | D:7      | XOM: polymorph shadow imp -> white imp
  7738 | D:7      | Reached skill level 6 in Fighting
  7744 | D:7      | XOM: smoke on damage
  7751 | D:7      | Reached skill level 5 in Armour
  7775 | D:7      | XOM: scenery: create altars
  8649 | D:8      | Noticed Joseph
  8654 | D:8      | XOM: confuse monster(s)
  8692 | D:8      | Noticed a hippogriff
  8802 | D:7      | XOM: scenery: 1 doors close
  8804 | D:8      | Noticed Grum
  8819 | D:8      | Killed Grum
  8819 | D:8      | Gained mutation: You regenerate a little health from kills.
                  | [demonic ancestry]
  8819 | D:8      | Reached XP level 9. HP: 35/75 MP: 9/9
  8832 | D:8      | Reached skill level 5 in Dodging
  8838 | D:8      | XOM: confuse monster(s)
  9059 | D:8      | XOM: silly message
  9081 | D:8      | XOM: harmless Ice miscast
  9225 | D:8      | XOM: harmless Chrm miscast
  9461 | D:8      | Reached skill level 6 in Axes
  9468 | D:8      | Noticed Pikel
  9478 | D:8      | XOM: cast spell 'Statue Form'
  9487 | D:8      | XOM: confuse monster(s)
  9490 | D:8      | Killed Pikel
  9490 | D:8      | Reached skill level 4 in Shields
  9712 | D:8      | XOM: confusion (+ monsters)
  9729 | D:8      | Reached skill level 7 in Fighting
  9731 | D:8      | XOM: fog
  9733 | D:8      | Killed Joseph
  9733 | D:8      | Reached skill level 6 in Armour
  9985 | D:9      | Found a staircase to the Orcish Mines.
  9991 | D:9      | XOM: smoke on damage
  9999 | D:9      | XOM: cast spell 'Leda's Liquefaction'
 10006 | D:9      | XOM: potion effect (heal wounds)
 10007 | D:9      | XOM: confuse monster(s)
 10007 | D:9      | the orc warrior is devoured by a tear in reality.
 10115 | D:9      | XOM: harmless Chrm miscast
 10135 | D:9      | Noticed a two-headed ogre
 10140 | D:9      | Reached skill level 6 in Dodging
 10146 | D:9      | Killed a two-headed ogre
 10146 | D:9      | Reached skill level 5 in Shields
 10146 | D:9      | Gained mutation: You regenerate health from kills. [demonic
                  | ancestry]
 10146 | D:9      | Reached XP level 10. HP: 86/86 MP: 10/10
 10164 | D:9      | XOM: give mutations
 10164 | D:9      | Gained mutation: You are surrounded by a mild repulsion
                  | field. (EV +2) [Xom's mischief]
 10164 | D:9      | Lost mutation: You are robust. (+10% HP) [Xom's mischief]
 10164 | D:9      | Gained mutation: You are frail. (-10% HP) [Xom's mischief]
 10327 | D:9      | XOM: harmless Air miscast
 10360 | D:9      | XOM: harmless Erth miscast
 10364 | D:9      | Reached skill level 7 in Axes
 10502 | D:9      | XOM: polymorph white imp -> quasit
 10505 | D:9      | XOM: noise
 10514 | D:9      | XOM: enchant monster (bad)
 10583 | D:9      | XOM: polymorph iron imp -> quasit
 10584 | D:9      | Reached skill level 8 in Fighting
 10602 | D:9      | XOM: harmless Tmut miscast
 10618 | D:9      | XOM: stat loss: -1 Int (12/13)
 10712 | D:9      | XOM: medium Chrm miscast
 10782 | D:10     | Entered Level 10 of the Dungeon
 10992 | D:10     | Reached skill level 7 in Armour
 11068 | D:10     | Noticed a two-headed ogre
 11092 | D:10     | Killed a two-headed ogre
 11098 | D:10     | Reached skill level 6 in Shields
 11338 | D:10     | XOM: medium Chrm miscast
 11539 | D:10     | XOM: cloud trail
 11543 | D:10     | XOM: 5-stop teleportation journey
 11837 | D:10     | XOM: mild Necr miscast
 11944 | D:11     | XOM: polymorph ufetubus -> shadow imp
 11952 | D:11     | HP: 7/72 [wolf spider zombie (1)]
 11954 | D:11     | Reached skill level 7 in Dodging
 12131 | D:11     | Noticed a brown ugly thing
 12138 | D:11     | XOM: summons 2 friendly demons
 12147 | D:11     | XOM: polymorph rat -> quokka
 12148 | D:11     | XOM: polymorph quokka -> giant cockroach
 12151 | D:11     | XOM: summons 6 friendly demons
 12157 | D:11     | Killed a brown ugly thing
 12187 | D:11     | Noticed a cyclops
 12197 | D:11     | You fall through a shaft!
 12199 | D:12     | XOM: cast spell 'Ring of Flames'
 12204 | D:12     | Noticed a green ugly thing
 12205 | D:12     | XOM: destruction
 12205 | D:12     | Noticed a white ugly thing
 12207 | D:12     | Mutation became permanent: You are surrounded by a mild
                  | repulsion field. (EV +2) [demonic ancestry]
 12207 | D:12     | Gained mutation: You are surrounded by a mild repulsion
                  | field. (EV +2) [demonic ancestry]
 12207 | D:12     | Reached XP level 11. HP: 36/78 MP: 11/11
 12208 | D:12     | HP: 2/78 [white ugly thing (30)]
 12208 | D:12     | XOM: butterfly on damage
 12209 | D:12     | Noticed a skeletal warrior
 12209 | D:12     | Slain by a yak

Levels and vault maps discovered:
D:1:      minmay_arrival_shattered_statue, layout_basic, minmay_tetromino_t2
D:2:      layout_loops_cross, gammafunk_temple_overflow_forgotten, uniq_natasha
D:3:      layout_basic, gup_sewer_entry_spiral, nicolae_qazlal_eye_of_the_storm
D:4:      layout_basic, minmay_temple_entry_proselytizer, first_ration,
          uniq_robin
D:5:      mumra_celtic_spiral_tile, layout_basic, minitemple,
          nicolae_overflow_hidden_temple, lemuel_altar_in_water
D:6:      layout_basic, basic_altar
D:7:      layout_loops_corners, serial_shops, shop, grunt_ogre_cave,
          lemuel_angel_altar
D:8:      layout_basic, minmay_misc_feat_rows, uniq_joseph, uniq_pikel,
          uniq_grum
D:9:      layout_irregular_city, david_orc_2
D:10:     layout_basic
D:11:     layout_long_grid, dpeg_lair_monsters, gauntlet_entry_generic,
          kennysheep_generic_room_11
D:12:     minmay_the_grid_octo_tiled_octocenter_mashed
          [minmay_the_grid_octo_focus, minmay_the_grid_octo_vomiting_pacman,
          minmay_the_grid_octo_thin_diamonds, minmay_the_grid_octo_fat_diamond,
          minmay_the_grid_octo_prize_star, minmay_the_grid_square_5x5_minivault,
          minmay_the_grid_square_5x5_bracketed, minmay_the_grid_square_5x5_z,
          minmay_the_grid_square_5x5_three_walls], layout_basic, enter_trove_1,
          uniq_fannar

Skill      XL: |  1  2  3  4  5  6  7  8  9 10 |
---------------+-------------------------------+-----
Dodging        | 1 2 3 4 6 7 |  7.1
Armour         | 2 3 4 5 6 7 |  7.3
Axes           | 3 4 5 6 7 |  7.7
Fighting       | 4 5 6 7 8 |  8.4
Shields        | 2 3 5 6 |  6.2

Action                   |  1- 3 |  4- 6 |  7- 9 | 10-12 || total
-------------------------+-------+-------+-------+-------++-------
Melee: Hand axe          |    53 |    39 |   467 |   186 ||   745
       Short sword       |    40 |   151 |       |       ||   191
       Dagger            |       |    72 |       |       ||    72
Evoke: Wand              |       |     1 |     3 |       ||     4
  Use: Potion            |       |     3 |     2 |     6 ||    11
       Scroll            |       |     2 |     8 |     4 ||    14
 Stab: Sleeping          |     1 |     1 |     1 |       ||     3
       Distracted        |       |     2 |     2 |       ||     4
       Confused          |       |       |     3 |       ||     3
  Eat: Chunk             |     1 |    12 |    11 |     4 ||    28
       Ration            |       |       |     3 |     1 ||     4
Armor: Leather armour    |    38 |    62 |   108 |    53 ||   261
       Skin              |       |       |     9 |       ||     9
Dodge: Dodged            |    70 |   138 |   193 |   136 ||   537
Block: Shield            |       |       |   118 |    95 ||   213

Table legend:
 A = Non-vault XP
 B = Vault XP
 C = Vault XP percentage of total XP
 D = Non-vault monster count
 E = Vault monster count
 F = Vault count percentage of total count
                 A         B        C        D         E       F
            +---------+---------+-------+---------+---------+-------
      Total |    9185 |    1968 |  17.6 |     231 |      47 |  16.9
            +---------+---------+-------+---------+---------+-------
        D:1 |      41 |       2 |   4.7 |      23 |       1 |   4.2
        D:2 |      73 |      18 |  19.8 |      12 |       1 |   7.7
        D:3 |     108 |      26 |  19.4 |      24 |       7 |  22.6
        D:4 |     201 |      53 |  20.9 |      10 |      13 |  56.5
        D:5 |     382 |       0 |   0.0 |      17 |       0 |   0.0
        D:6 |     414 |       0 |   0.0 |      19 |       0 |   0.0
        D:7 |     984 |     127 |  11.4 |      28 |       1 |   3.4
        D:8 |     968 |    1215 |  55.7 |      29 |       5 |  14.7
        D:9 |    3668 |     146 |   3.8 |      45 |       6 |  11.8
       D:10 |    1262 |       0 |   0.0 |      13 |       0 |   0.0
       D:11 |    1084 |       8 |   0.7 |      11 |       2 |  15.4
       D:12 |       0 |     292 | 100.0 |       0 |       2 | 100.0
      Sewer |       0 |      81 | 100.0 |       0 |       9 | 100.0
            +---------+---------+-------+---------+---------+-------
